 Dungeon Crawl Stone Soup version 0.29.1-4-g47bece8355 (webtiles) character file.

Game seed: 11195358497971921161

627 CungeonDrawl the Magician (level 7, -6/49 HPs)
             Began as a Djinni Conjurer on Dec 5, 2022.
             Shot with an arrow by a centaur (9 damage)
             ... on level 5 of the Dungeon.
             The game lasted 00:15:46 (5323 turns).

CungeonDrawl the Magician (Djinni Conjurer)         Turns: 5323, Time: 00:15:46

Health: -6/49      AC:  4    Str:  8    XL:     7   Next: 76%
Gold:   226        EV: 12    Int: 21    God:
                   SH:  0    Dex: 12

rFire   + + .      SeeInvis +   i - +9 dagger of Zin's Grace {venom, rN++ Str+2 SInv}
rCold   x . .      Faith    .   (no shield)
rNeg    + + .      Spirit   .   a - +0 robe
rPois   ∞          Reflect  .   (no helmet)
rElec   .          Harm     .   r - +1 cloak
rCorr   .          Rampage  .   (no gloves)
Will    .....                   (boots unavailable)
Stlth   ++........              (no amulet)
HPRegen 0.16/turn               (no ring)
MPRegen 0.00/turn               (no ring)

@: flying
A: sickness immunity, fire resistance 2, cold vulnerability 1, float, innate
caster, HP casting, extra vitality 1
a: no special abilities


You were on level 5 of the Dungeon.
You visited 1 branch of the dungeon, and saw 5 of its levels.

You collected 259 gold pieces.
You spent 33 gold pieces at shops.

Inventory:

Hand Weapons
 i - the +9 dagger of Zin's Grace (weapon) {venom, rN++ Str+2 SInv}
   (You found it on level 2 of the Dungeon)

   It poisons the flesh of those it strikes.
   Str:       It affects your strength (+2).
   rN:        It greatly protects you from negative energy.
   SInv:      It lets you see invisible.
Missiles
 s - a throwing net
Armour
 a - a +0 robe (worn)
 r - a +1 cloak (worn)
Scrolls
 b - a scroll of poison
 c - 2 scrolls of brand weapon {unknown}
 d - a scroll of identify
 e - a scroll of immolation
 f - a scroll of torment {unknown}
 h - a scroll of blinking
 j - a scroll of amnesia {unknown}
 k - 2 scrolls of teleportation
 n - a scroll of fear {unknown}
 q - a scroll of butterflies {unknown}
Potions
 g - a potion of brilliance
 l - 2 potions of attraction
 m - a potion of curing
 o - 2 potions of ambrosia
 p - 2 potions of degeneration
 t - a potion of cancellation {unknown}


   Skills:
 + Level 2.4 Fighting
 - Level 2.1 Dodging
 - Level 1.5 Stealth
 - Level 6.5 Spellcasting


You couldn't memorise any spells.
You knew the following spells:

 Your Spells              Type           Power      Damage    Failure   Level
a - Magic Dart            Conj           100%       1d8       1%          1
b - Searing Ray           Conj           68%        2d6       1%          2
c - Dazzling Flash        Conj/Hex       68%        N/A       1%          3
d - Fulminant Prism       Conj/Hex       17%        3d11      6%          4
e - Iskenderun's Mystic   Conj/Tloc      34%        2d8       6%          4
f - Slow                  Hex            100%       N/A       1%          1
g - Ensorcelled Hibernat  Hex/Ice        68%        N/A       1%          2
h - Blink                 Tloc           68%        N/A       1%          2
Your spell library was empty.

Dungeon Overview and Level Annotations

Branches:
Dungeon (5/15)
 Temple: D:4-7

Altars:
Gozag
Hepliaklqana
Uskayaw
Zin

Shops:
D:5 (

Annotations:
D:3 Ijyb
D:5 Grinder


Innate Abilities, Weirdness & Mutations

You are immune to sickness and miasma.
You are immune to poison.
Your flesh is very heat resistant. (rF++)
You are vulnerable to cold. (rC-)
You float through the air rather than walking.
You learn spells naturally, not from books.
Your magical power is your life essence.
You have superior vitality. (+4 MHP)


Message History

The necrophage barely misses you.
The magic dart hits the necrophage but does no damage.
The necrophage is almost destroyed.
The necrophage closely misses you.
The magic dart hits the necrophage.
The necrophage is almost destroyed.
The necrophage hits you.
The magic dart hits the necrophage.
You destroy the necrophage!
Your Fighting skill increases to level 2!
You now have 226 gold pieces (gained 9).
Grinder comes into view.
Press: ? - help, v - describe, . - travel
Here: Grinder (asleep)
The floor.
Unknown command.
Found a pair of gloves and a book of Necromancy.
Found a stone staircase leading down.
A centaur comes into view.
Found a whip.
The centaur shouts!
The centaur wields a +0 shortbow.
The centaur shoots an arrow.
The arrow hits you!
The centaur shoots an arrow.
The arrow closely misses you.
The magic dart hits the centaur.
The centaur is lightly wounded.
The centaur shoots an arrow.
The arrow barely misses you.
The centaur shoots an arrow.
The arrow hits you.
The magic dart hits the centaur.
The centaur is moderately wounded.
The centaur shoots an arrow.
The arrow closely misses you.
The magic dart hits the centaur!
The centaur is heavily wounded.
The centaur shoots an arrow.
The arrow hits you.
The centaur shoots an arrow.
The arrow hits you!
* * * LOW HITPOINT WARNING * * *
The centaur shoots an arrow.
The arrow hits you!
* * * LOW HITPOINT WARNING * * *
The centaur shoots an arrow.
The arrow hits you!
You die...

#.##....# #.#
#####>.. #.....###
#.# ###.
#######.†##.# #.# ##
#.........#.# #.# #
#.........#.# #.# #
#.........#.# #.# #
#.........#.# #.# #
#.........#.#### .#
#............@.##
..#
#...........##..#..#
#.........#####.[:.#
#######.#.# ###..#
#.#.# ...c> #.#.#
.##.. #.... .# )
#....# # #....#


You could see a centaur.

Vanquished Creatures
  Menkaure (D:4)
  A phantom (D:4)
  2 necrophages
  A jelly (D:5)
  3 orc wizards
  11 adders
  4 worms
  20 orcs
  5 ball pythons
  3 endoplasms
  2 giant cockroaches
  5 goblins
  7 hobgoblins
  5 jackals
  3 quokkas
  3 bats
  A frilled lizard (D:3)
  11 kobolds
  4 rats
92 creatures vanquished.

Vanquished Creatures (others)
  26 fungi (D:3)
26 creatures vanquished.

Grand Total: 118 creatures vanquished

Notes
Turn   | Place    | Note
-------+----------+-------------------------------------------
     0 | D:1      | CungeonDrawl the Djinni Conjurer began the quest for the
                  | Orb.
     0 | D:1      | CungeonDrawl set off with the following spells memorised:
                  | Magic Dart, Searing Ray, Dazzling Flash, Fulminant Prism,
                  | Iskenderun's Mystic Blast.
     0 | D:1      | Reached XP level 1. HP: 15/15 MP: 0/0
   193 | D:1      | Reached XP level 2. HP: 13/21 MP: 0/0
   992 | D:2      | Reached XP level 3. HP: 23/25 MP: 0/0
   992 | D:2      | Learned a level 1 spell: Slow
  1055 | D:2      | Reached skill level 4 in Spellcasting
  1309 | D:2      | Reached XP level 4. HP: 27/31 MP: 0/0
  1481 | D:2      | Identified the +9 dagger of Zin's Grace {venom, rN++ Str+2
                  | SInv}
  1819 | D:3      | Noticed Ijyb
  2202 | D:3      | Reached XP level 5. HP: 29/35 MP: 0/0
  2202 | D:3      | Learned a level 2 spell: Ensorcelled Hibernation
  2280 | D:3      | Found a hazy altar of Hepliaklqana.
  2284 | D:3      | Found a glowing silver altar of Zin.
  2510 | D:3      | Found a hide-covered altar of Uskayaw.
  2864 | D:3      | Found an opulent altar of Gozag.
  3085 | D:3      | Reached skill level 5 in Spellcasting
  3587 | D:4      | Reached XP level 6. HP: 21/40 MP: 0/0
  3830 | D:4      | Noticed Menkaure
  3857 | D:4      | Killed Menkaure
  3858 | D:4      | Reached skill level 6 in Spellcasting
  3858 | D:4      | Reached XP level 7. HP: 25/45 MP: 0/0
  3858 | D:4      | Learned a level 2 spell: Blink
  4998 | D:5      | Entered Level 5 of the Dungeon
  5085 | D:5      | Found Qyczew's Weapon Shop.
  5091 | D:5      | Bought a throwing net for 33 gold pieces
  5115 | D:5      | Reached skill level 1 in Fighting
  5308 | D:5      | Noticed Grinder
  5323 | D:5      | Shot with an arrow by a centaur

Illustrated notes

Levels and vault maps discovered:
D:1:      minmay_arrival_widening_spiral_wide, layout_rooms, st_stairs_9
D:2:      layout_rooms
D:3:      minmay_evil_eye, layout_basic, lemuel_round_altar,
          nicolae_gozag_seed_capital, mainiacjoe_overflow_catch_the_wave,
          uniq_ijyb
D:4:      layout_loops_cross, uniq_menkaure
D:5:      layout_rooms, temple_doors_e, serial_shops,
          nicolae_shop_bloodbath_and_beyond, kennysheep_generic_room_13,
          uniq_grinder

Skill      XL: |  1  2  3  4  5  6  7 |
---------------+----------------------+-----
Spellcasting   | 4 5 6 |  6.5
Fighting       | 2 |  2.4
Dodging        | |  2.1
Stealth        | |  1.5

Action                   |  1- 3 |  4- 6 |  7- 9 || total
-------------------------+-------+-------+-------++-------
Melee: Dagger            |       |     1 |       ||     1
 Cast: Magic Dart        |    58 |   129 |    80 ||   267
  Use: Scroll            |       |       |     9 ||     9
Armor: Robe              |       |     2 |     3 ||     5
Dodge: Dodged            |     3 |    17 |    11 ||    31
